 Dungeon Crawl Stone Soup version 0.21-a0-104-g7b58145 (webtiles) character file.

13617 Grim the Archer (level 11, -1/101 HPs)
             Began as a Centaur Hunter on July 6, 2017.
             Was an Elder of Okawaru.
             Slain by a hog (14 damage)
             ... led by Kirke
             ... on level 4 of the Lair of Beasts.
             The game lasted 00:37:59 (16415 turns).

Grim the Archer (Centaur Hunter)                   Turns: 16415, Time: 00:38:00

Health: -1/101     AC:  0    Str: 16    XL:     11   Next: 77%
Magic:  13/15      EV: 17    Int: 10    God:    Okawaru [****..]
Gold:   780        SH:  3    Dex: 12    Spells: 10/10 levels left

rFire    + . .     SeeInvis .     - Unarmed
rCold    + . .     Gourm    .   (shield currently unavailable)
rNeg     . . .     Faith    .   (armour currently unavailable)
rPois    +         Spirit   .   (helmet currently unavailable)
rElec    +         Reflect  +   (cloak currently unavailable)
rCorr    +         Harm     .   (gloves currently unavailable)
MR       .....                  (no barding)
Stlth    +++.......             q - +3 amulet of reflection
HPRegen  0.26/turn              (ring currently unavailable)
MPRegen  0.14/turn              (ring currently unavailable)

@: about to teleport, pig-form, resistant, heroism, very quick
A: no striking features
a: Heroism, Renounce Religion


You were on level 4 of the Lair of Beasts.
You worshipped Okawaru.
Okawaru was greatly pleased with you.
You were very hungry.
You were a filthy swine.
You visited 3 branches of the dungeon, and saw 16 of its levels.

You collected 780 gold pieces.

Inventory:

Hand Weapons
 a - a +1 shortbow
Missiles
 d - 162 arrows
Armour
 i - a +0 centaur barding (melded)
 p - a +0 pair of gloves (melded)
 I - the +0 robe of the Amoeba {rElec}
   (You found it on level 1 of the Lair of Beasts)

   It insulates you from electricity.
 R - a +0 troll leather armour (melded)
Jewellery
 e - a +3 ring of strength (melded)
 q - a +3 amulet of reflection (around neck)
 v - a ring of protection from cold (melded)
 x - the amulet of Yendor {Inacc rElec Int+6 Stlth+}
   (You found it on level 8 of the Dungeon)

   [amulet of inaccuracy]

   It reduces the accuracy of all your attacks.
   It affects your intelligence (+6).
   It insulates you from electricity.
   It makes you more stealthy.
 M - an uncursed ring of positive energy
 P - an uncursed ring of teleportation
Wands
 c - a wand of scattershot (4/9)
 h - a wand of polymorph (8/24)
 r - a wand of iceblast (8/15)
 E - a wand of paralysis (12/24)
 H - a wand of lightning (7/15)
Scrolls
 k - a scroll of amnesia
 l - 6 scrolls of teleportation
 n - a scroll of vulnerability {unknown}
 o - 2 scrolls of immolation {unknown}
 t - 2 scrolls of magic mapping
 u - 2 scrolls of recharging {unknown}
 y - 2 scrolls of blinking {unknown}
 B - a scroll of silence {unknown}
 F - a scroll of enchant armour {unknown}
 G - 3 scrolls of fear {unknown}
 J - 2 scrolls of random uselessness {unknown}
 O - a scroll of torment {unknown}
 Q - 2 scrolls of noise {unknown}
Potions
 m - a potion of cancellation
 s - 3 potions of mutation {!q}
 z - 4 potions of ambrosia
 A - 2 potions of brilliance
 C - 2 potions of flight
 D - a potion of magic
 L - a potion of agility
 N - a potion of haste {unknown}
Books
 K - a book of Beasts

   Spells                             Type                      Level
   a - Summon Butterflies             Summoning                    1
   b - Call Canine Familiar           Summoning                    3
   c - Summon Ice Beast               Ice/Summoning                4
   d - Summon Mana Viper              Hexes/Summoning              5
   e - Summon Hydra                   Summoning                    7
Comestibles
 b - 11 royal jellies
 f - 7 bread rations
 g - 8 meat rations
 j - 6 fruits


   Skills:
 + Level 10.6(15.6) Fighting
 - Level 14.0(19.0) Bows
 - Level 1.3(6.3) Dodging
 - Level 0.4(5.4) Stealth
 * Level 10.6(15.6) Unarmed Combat
 - Level 6.1 Invocations


You had 10 spell levels left.
You didn't know any spells.

Dungeon Overview and Level Annotations

Branches:
Dungeon (12/15)            Temple (1/1) D:7            Lair (2/6) D:10
    Orc (0/2) D:9
  Swamp: Lair:2-4    Shoals: Lair:2-4     Snake: Lair:2-4    Spider: Lair:2-4

Altars:
Elyvilon
Fedhas
Gozag
Makhleb
Nemelex Xobeh
Okawaru
Qazlal
Ru
Sif Muna
Xom
Yredelemnul
Zin

Shops:
D:5 (   D:6 }?%(}   D:8 !

Annotations:
D:9 Gastronok
Lair:4 Kirke


Innate Abilities, Weirdness & Mutations

((You have hooves in place of feet.))
((Armour fits poorly on your strangely shaped body.))
((You cover ground very quickly.))
((You have extremely tough skin. (AC +3)))


Message History

Kirke is severely wounded.
The hog bites you!
* * * LOW HITPOINT WARNING * * *
The hog bites you but does no damage. x2
Kirke casts a spell at you.
You turn into a filthy swine.
Your +0 pair of gloves melds into your body.
Your +0 centaur barding melds into your body.
Your +0 troll leather armour melds into your body.
Your +3 ring of strength melds into your body.
Your ring of protection from cold melds into your body.
You feel weaker. The lindwurm bites you!
* * * LOW HITPOINT WARNING * * *
The lindwurm misses you. The lindwurm claws you.
* * * LOW HITPOINT WARNING * * *
As you read the scroll of teleportation, it crumbles to dust.
You feel strangely unstable. The hog completely misses you. x2
The hog bites you!
You die...

≈≈≈≈≈≈≈≈....#.# ##......
≈≈≈≈≈≈≈≈.....## ##....@..
...≈≈.........# #........
..............# #P....(..
.............P#####........
.............!.#...#.......
...........................
..........hk.....#.........
..........h@......#........
..........hh.....##........
.............#######.......
#....####....# ##..####
##.# ###### #### # ## #


You could see Kirke, a lindwurm and 3 hogs.

Vanquished Creatures
  Erolcha (D:9)
  A two-headed ogre (D:10)
  The ghost of WhatIsLove the Martial Artist, a novice DgTm (D:8)
  An ugly thing (D:11)
  Maurice (D:8)
  A centaur skeleton (D:7)
  4 spiny frogs
  A komodo dragon (Lair:4)
  A troll (D:12)
  5 hippogriffs
  A shadow (D:8)
  A human (D:9)
  A steam dragon (D:11)
  8 hogs
  Grum (D:8)
  A hungry ghost (D:11)
  7 water moccasins
  7 porcupines
  4 orc warriors
  2 necrophages
  3 ice beasts
  2 phantoms
  5 ogres
  2 wolves (D:8)
  5 centaurs
  3 crocodiles
  A big kobold (D:9)
  11 bullfrogs
  6 scorpions
  5 killer bees (D:10)
  2 howler monkeys (D:6)
  3 wights (D:11)
  6 hounds
  5 jellies
  2 bullfrog skeletons
  3 orc priests
  Ijyb (D:3)
  5 worker ants
  3 iguanas
  5 orc wizards
  A hound zombie (D:10)
  2 worker ant zombies (D:10)
  8 gnolls
  14 adders
  3 shadow imps
  2 oozes
  2 adder skeletons (D:4)
  3 worms
  A dart slug (D:2)
  6 leopard geckos
  30 orcs
  A ball python (D:3)
  5 giant cockroaches
  8 goblins
  6 hobgoblins
  6 jackals
  9 kobolds
  4 quokkas
  5 bats
  6 frilled lizards
  A jackal skeleton (D:7)
  A jackal zombie (D:7)
  A quokka zombie (D:10)
  2 rats (D:1)
255 creatures vanquished.

Notes
Turn   | Place    | Note
-------+----------+-------------------------------------------
     0 | D:1      | Grim the Centaur Hunter began the quest for the Orb.
     0 | D:1      | Reached XP level 1. HP: 17/17 MP: 1/1
   117 | D:1      | Reached skill level 1 in Unarmed Combat
   426 | D:1      | Reached XP level 2. HP: 21/24 MP: 2/2
  1046 | D:2      | Reached XP level 3. HP: 23/29 MP: 3/3
  1533 | D:2      | Reached skill level 6 in Bows
  1533 | D:2      | Reached XP level 4. HP: 36/36 MP: 4/4
  1633 | D:2      | Found an opulent altar of Gozag.
  2336 | D:3      | Noticed Ijyb
  2344 | D:3      | Killed Ijyb
  2448 | D:3      | Reached XP level 5. HP: 39/41 MP: 5/5
  2535 | D:3      | Noticed a centaur
  2537 | D:3      | Killed a centaur
  2783 | D:3      | Reached skill level 7 in Bows
  3153 | D:3      | Reached XP level 6. HP: 44/48 MP: 6/6
  3214 | D:3      | Reached skill level 5 in Unarmed Combat
  4064 | D:5      | Entered Level 5 of the Dungeon
  4064 | D:5      | Noticed a water moccasin
  4078 | D:5      | Killed a water moccasin
  4078 | D:5      | Reached XP level 7. HP: 36/55 MP: 7/7
  4305 | D:5      | Reached skill level 8 in Bows
  4501 | D:5      | Found Uneong's Weapon Boutique.
  4673 | D:5      | You fall through a shaft!
  4693 | D:6      | Noticed a hippogriff
  4707 | D:6      | Killed a hippogriff
  4942 | D:6      | Reached XP level 8. HP: 32/61 MP: 8/8
  4955 | D:6      | Reached skill level 9 in Bows
  4960 | D:6      | Noticed a hippogriff
  5001 | D:6      | Killed a hippogriff
  5587 | D:6      | Found Papith's Gadget Shoppe.
  5587 | D:6      | Found Emocoiq's Antique Weapon Shoppe.
  5677 | D:6      | Found Cibletra's Magic Scroll Shop.
  5782 | D:6      | Found Heqigouz's Food Emporium.
  5832 | D:7      | Reached skill level 10 in Bows
  6080 | D:7      | Found a staircase to the Ecumenical Temple.
  6096 | Temple   | Entered the Ecumenical Temple
  6385 | Temple   | Became a worshipper of Warmaster Okawaru
  6406 | D:7      | Reached * piety under Okawaru
  6406 | D:7      | Reached XP level 9. HP: 64/70 MP: 9/9
  7077 | D:7      | Reached skill level 5 in Fighting
  7077 | D:7      | Reached skill level 11 in Bows
  7198 | D:8      | Noticed WhatIsLove's ghost (novice DgTm)
  7228 | D:8      | Killed WhatIsLove's ghost
  7228 | D:8      | Reached ** piety under Okawaru
  7741 | D:8      | Got a pitted diamond amulet
  7747 | D:8      | Noticed Maurice
  7749 | D:8      | Paralysed by Maurice for 2 turns
  7767 | D:8      | Killed Maurice
  7767 | D:8      | Reached XP level 10. HP: 86/86 MP: 10/10
  7770 | D:8      | Identified the amulet of Yendor {Inacc rElec Int+6 Stlth+} (You found it on level 8 of the Dungeon)
  7950 | D:8      | Noticed Grum
  7963 | D:8      | Killed Grum
  7963 | D:8      | Reached skill level 12 in Bows
  8107 | D:8      | Found Ucoxzakk's Distillery.
  8768 | D:6      | Found Ytraw's Gadget Shoppe.
  9790 | D:9      | Noticed Erolcha
  9813 | D:9      | Paralysed by Erolcha for 2 turns
  9821 | D:9      | Killed Erolcha
  9956 | D:9      | Noticed Gastronok
 10283 | D:9      | Reached *** piety under Okawaru
 10682 | D:9      | Found a staircase to the Orcish Mines.
 10750 | D:9      | Reached skill level 1 in Invocations
 11153 | D:10     | Entered Level 10 of the Dungeon
 11184 | D:10     | Found a staircase to the Lair.
 11402 | D:10     | Noticed a two-headed ogre
 11416 | D:10     | Killed a two-headed ogre
 11416 | D:10     | Reached skill level 5 in Invocations
 11903 | D:10     | Reached XP level 11. HP: 43/97 MP: 15/15
 13028 | D:9      | Found a burning altar of Makhleb.
 13401 | D:11     | Reached skill level 13 in Bows
 13796 | D:11     | Received a gift from Okawaru
 13838 | D:11     | Noticed a purple ugly thing
 13896 | D:11     | Killed a purple ugly thing
 14859 | Lair:1   | Entered Level 1 of the Lair of Beasts
 14869 | Lair:1   | Reached skill level 10 in Fighting
 15121 | Lair:1   | Got a faintly humming robe
 15132 | Lair:1   | Identified the cursed +0 robe of the Amoeba {rElec} (You found it on level 1 of the Lair of Beasts)
 15179 | Lair:1   | Reached **** piety under Okawaru
 15185 | Lair:1   | Reached skill level 14 in Bows
 15502 | Lair:1   | Received a gift from Okawaru
 15939 | Lair:1   | Reached skill level 10 in Unarmed Combat
 16223 | Lair:2   | You fall through a shaft for 2 floors!
 16350 | Lair:4   | Noticed Kirke
 16400 | Lair:4   | Received a gift from Okawaru
 16402 | Lair:4   | Noticed a lindwurm
 16415 | Lair:4   | Slain by a hog

Vault maps used:
D:1:      lightli_arrival_isolated_outpost, minmay_tripent
D:2:      minmay_wonky_spiral, nicolae_gozag_cash_rules_everything_around_me,
          first_bread, roderic_serpentine_path
D:3:      uniq_ijyb
D:5:      serial_shops, nicolae_shop_temple_entry_statues_fountains
D:6:      serial_shops, shop, nicolae_shop_trees, nicolae_shop_behind_doors,
          nicolae_shop_statue_plus, shop
D:7:      minmay_temple_entry_glass
D:8:      serial_shops, nicolae_shop_crystal, uniq_maurice, uniq_grum
D:9:      nicolae_overflow_hidden_temple, orc_0_dummy, grunt_livestock,
          uniq_erolcha, uniq_gastronok
D:10:     lair_entry_dummy, minmay_holes
D:11:     grunt_decor_mini_mirrors
D:12:     basic_altar
Temple:   regret_index_temple_chain_breaker
Lair:1:   grunt_megastairs_1
Lair:2:   st_stairs_5, infiniplex_staircase_pool, grunt_megastairs_5
Lair:4:   spider_nest_entry_webs, minivault_25, kennysheep_catoblepas_arena,
          minmay_lair_oklob_chamber, infiniplex_staircase_pool_2, uniq_kirke

Skill      XL: |  1  2  3  4  5  6  7  8  9 10 11 |
---------------+----------------------------------+-----
Unarmed Combat | 1 2 3 4 6 7 9 10 | 10.6
Bows           | 6 7 8 10 11 12 14 | 14.0
Fighting       | 3 7 9 10 | 10.6
Invocations    | 5 6 |  6.1
Dodging        | |  1.3
Stealth        | |  0.4

Action                   |  1- 3 |  4- 6 |  7- 9 | 10-12 || total
-------------------------+-------+-------+-------+-------++-------
Melee: Short sword       |     8 |       |       |       ||     8
       Unarmed           |    25 |    75 |   162 |   295 ||   557
       Kick              |     5 |    14 |    31 |    81 ||   131
       Punch             |     1 |       |     5 |    13 ||    19
       Shortbow          |       |       |       |     1 ||     1
 Fire: Shortbow          |    57 |   134 |   202 |   310 ||   703
Invok: Heroism           |       |       |       |    22 ||    22
  Use: Potion            |       |       |    10 |     5 ||    15
       Scroll            |       |       |    11 |     8 ||    19
 Stab: Invisible         |       |       |     4 |     4 ||     8
  Eat: Chunk             |     1 |     5 |     4 |     8 ||    18
       Meat ration       |       |       |     1 |     1 ||     2
       Royal jelly       |       |       |     1 |       ||     1
       Bread ration      |       |       |       |     2 ||     2
Armor: Leather armour    |    26 |     1 |       |       ||    27
       Scale mail        |       |    48 |   126 |     6 ||   180
       Skin              |       |       |     7 |       ||     7
       Animal skin       |       |       |       |    86 ||    86
       Troll leather arm |       |       |       |    70 ||    70
Dodge: Dodged            |    13 |    17 |    74 |   151 ||   255
Block: Other             |       |       |       |    44 ||    44
       Reflection        |       |       |       |     3 ||     3
